 Dungeon Crawl Stone Soup version bcrawl-1.19.1 (webtiles) character file.

Game seed: 12770586529465500655

378 mahrnol the Caller (level 6, -3/32 HPs)
             Began as an Avariel Summoner on Dec 6, 2019.
             Was an Initiate of Sif Muna.
             Shot with an arrow by a centaur (4 damage)
             ... on level 6 of the Dungeon.
             The game lasted 00:26:20 (4915 turns).

mahrnol the Caller (Avariel Summoner)               Turns: 4915, Time: 00:26:20

Health: -3/32      AC:  2    Str:  6    XL:     6   Next: 74%
Magic:  9/16       EV: 13    Int: 23    God:    Sif Muna [......]
Gold:   313        SH:  0    Dex: 13    Spells: 5/15 levels left

rFire    . . .     SeeInvis .   i - +0 dagger
rCold    . . .     Gourm    .   (no shield)
rNeg     . . .     Faith    .   q - +0 robe {MR+}
rPois    .         Spirit   .   (no helmet)
rElec    .         Reflect  .   (no cloak)
rCorr    .         Harm     .   (no gloves)
MR       +....                  (no boots)
Stlth    ++........             (no amulet)
HPRegen  0.10/turn              (no ring)
MPRegen  0.15/turn              (no ring)

@: very slightly contaminated
A: no striking features
a: Divine Energy, Renounce Religion


You were on level 6 of the Dungeon.
You worshipped Sif Muna.
Sif Muna was noncommittal.
You were not hungry.

You visited 1 branch of the dungeon, and saw 6 of its levels.

You collected 313 gold pieces.

Inventory:

Hand Weapons
 i - a +0 dagger (weapon)
Missiles
 o - 64 curare-tipped needles
 r - 45 poisoned tomahawks (quivered)
 x - 299 arrows
Armour
 a - a +0 robe
 q - a +0 robe of magic resistance (worn)
Jewellery
 p - an uncursed ring of fire {unknown}
Scrolls
 c - a scroll of summoning
 e - 3 scrolls of enchant weapon {unknown}
 g - 7 scrolls of identify {unknown}
 h - 4 scrolls of teleportation {unknown}
 j - a scroll of fog {unknown}
 n - 9 scrolls of remove curse {unknown}
 u - 2 scrolls of fear {unknown}
 v - a scroll of amnesia {unknown}
 y - a scroll of immolation {unknown}
Potions
 b - 3 potions of brilliance {unknown}
 f - 5 potions of curing {unknown}
 k - a potion of lignification {unknown}
 l - a potion of haste {unknown}
 m - 3 potions of might {unknown}
 s - a potion of agility {unknown}
 t - 3 potions of cancellation {unknown}
 w - a potion of mutation {unknown}
 z - a potion of invisibility {unknown}
 A - a potion of flight {unknown}
Comestibles
 d - 8 rations {!d}


   Skills:
 - Level 0.4 Short Blades
 - Level 2.5 Dodging
 - Level 2.5 Stealth
 - Level 5.4 Spellcasting
 - Level 7.2 Summonings
 + Level 1.8 Ice Magic


You had 5 spell levels left.
You knew the following spells:

 Your Spells              Type           Power        Failure   Level  Hunger
a - Summon Small Mammal   Summ           ####         1%          1    None
b - Call Imp              Summ           #####.       1%          2    None
c - Call Canine Familiar  Summ           #####...     1%          3    ##.....
d - Summon Ice Beast      Ice/Summ       ####....     14%         4    ####...

Your spell library contained the following spells:

 Spells                   Type           Power        Failure   Level  Hunger
 Sting                    Conj/Pois      #...         9%          1    None
 Poisonous Vapours        Pois/Air       #.....       14%         2    None
 Summon Scorpions         Summ/Pois      ###.....     21%         4    ####...
 Ignite Poison            Fire/Tmut/Pois #.......     26%         3    ##.....
 Summon Lightning Spire   Summ/Air       ###.....     50%         5    #####..
 Olgreb's Toxic Radiance  Pois           #.......     65%         4    ####...
 Venom Bolt               Conj/Pois      #.........   94%         5    #####..


Dungeon Overview and Level Annotations

Branches:
Dungeon (6/12)             Temple (0/1) D:5

Altars:
Elyvilon
Fedhas
Kikubaaqudgha
Lugonu
Makhleb
Qazlal
Sif Muna
Uskayaw

Shops:
D:6 *


Message History

A shadowy apparition takes form in the air.
The centaur shoots an arrow.
The arrow hits you. What are your orders? t - Shout!
Orders for allies: a - Attack new target. r - Retreat! s - Stop attacking. g - Guard the area. f - Follow me.
Anything else - Cancel.
Gang up on whom?
Press: ? - help, Dir - move target cursor, f - centaur
Aim: a centaur, wielding a +2 shortbow of velocity Attack!
The centaur shoots an arrow.
The arrow hits your shadow imp.
A sky beast comes into view.
The centaur shoots an arrow.
The arrow hits your shadow imp!
Your shadow imp dies!
The centaur shoots an arrow.
The arrow closely misses your shadow imp.
The arrow hits you!
* * * LOW HITPOINT WARNING * * *
You die...

#..#.####
#(#....#...
.##...... . ...
....# #
..##.###..# .#
.........<###.#
..$..........>#
##........#.#
##..@#...#.#
#.........#
#.§.∩5≈5..#
#............
#...≈........
#............
##.#.........
#......c.Y..
###.........


You could see a sky beast, a centaur and 2 friendly shadow imps.

Vanquished Creatures
  A goblin (D:2)
  A quokka (D:5)
  2 bats (D:2)
  A rat (D:1)
5 creatures vanquished.

Vanquished Creatures (collateral kills)
  Sigmund (D:2)
  A sky beast (D:5)
  A big kobold (D:5)
  A scorpion (D:4)
  An orc priest (D:4)
  Jessica (D:3)
  3 worker ants (D:5)
  An orc wizard (D:4)
  A worker ant zombie (D:5)
  3 gnolls (D:3)
  2 adders
  A shadow imp (D:5)
  2 oozes
  3 worms
  2 dart slugs
  8 leopard geckos
  7 orcs
  2 giant cockroaches (D:2)
  A goblin (D:1)
  10 hobgoblins
  4 jackals
  14 kobolds
  3 quokkas
  2 ball pythons
  5 bats
  4 frilled lizards
  A jackal skeleton (D:3)
  3 rats
88 creatures vanquished.

Grand Total: 93 creatures vanquished

Notes
Turn   | Place    | Note
-------+----------+-------------------------------------------
     0 | D:1      | mahrnol the Avariel Summoner began the quest for the Orb.
     0 | D:1      | Reached XP level 1. HP: 10/10 MP: 6/6
    57 | D:1      | Reached skill level 5 in Summonings
   167 | D:1      | Reached XP level 2. HP: 15/15 MP: 2/8
   171 | D:1      | Learned a level 2 spell: Call Imp
  1011 | D:1      | Reached XP level 3. HP: 19/19 MP: 6/9
  1016 | D:1      | Learned a level 3 spell: Call Canine Familiar
  1151 | D:2      | Noticed Sigmund
  1167 | D:2      | Killed Sigmund
  1167 | D:2      | Reached skill level 6 in Summonings
  1167 | D:2      | Reached XP level 4. HP: 24/24 MP: 7/12
  1219 | D:2      | Found an ancient bone altar of Kikubaaqudgha.
  1495 | D:2      | Reached XP level 5. HP: 28/28 MP: 3/13
  1501 | D:2      | Learned a level 4 spell: Summon Ice Beast
  2419 | D:3      | Found a stormy altar of Qazlal.
  2419 | D:3      | Noticed an air elemental
  2419 | D:3      | Noticed Jessica
  2422 | D:3      | Killed Jessica
  2427 | D:3      | Noticed a fire elemental
  2427 | D:3      | Noticed a water elemental
  2943 | D:4      | Reached skill level 5 in Spellcasting
  3035 | D:4      | Reached XP level 6. HP: 17/32 MP: 13/15
  3414 | D:4      | Found a shimmering blue altar of Sif Muna.
  3417 | D:4      | Became a worshipper of Sif Muna the Loreminder
  3463 | D:4      | Found a blossoming altar of Fedhas.
  3626 | D:5      | Entered Level 5 of the Dungeon
  3626 | D:5      | Found a corrupted altar of Lugonu.
  3626 | D:5      | Noticed a sky beast
  3638 | D:5      | Killed a sky beast
  3638 | D:5      | Reached skill level 7 in Summonings
  4230 | D:5      | Found a staircase to the Ecumenical Temple.
  4515 | D:5      | Reached skill level 1 in Ice Magic
  4658 | D:5      | Found a hide-covered altar of Uskayaw.
  4658 | D:5      | Found a white marble altar of Elyvilon.
  4659 | D:5      | Found a burning altar of Makhleb.
  4860 | D:6      | Noticed a hungry ghost
  4892 | D:6      | Found Bugh's Elemental Accessories.
  4914 | D:6      | Noticed a sky beast
  4915 | D:6      | HP: 1/32 [centaur/arrow (12)]
  4915 | D:6      | Shot with an arrow by a centaur

Skill      XL: |  1  2  3  4  5  6 |
---------------+-------------------+-----
Summonings     | 5 6 7 |  7.2
Spellcasting   | 3 4 5 |  5.4
Ice Magic      | 1 |  1.8
Short Blades   | |  0.4
Dodging        | |  2.5
Stealth        | |  2.5

Action                   |  1- 3 |  4- 6 || total
-------------------------+-------+-------++-------
Melee: Dagger            |    13 |    18 ||    31
       Unarmed           |     5 |       ||     5
 Cast: Summon Small Mamm |    69 |    32 ||   101
       Call Imp          |     3 |    50 ||    53
       Summon Ice Beast  |       |     1 ||     1
 Stab: Sleeping          |       |     1 ||     1
  Eat: Chunk             |     1 |     6 ||     7
       Ration            |       |     2 ||     2
Armor: Robe              |    13 |     3 ||    16
Dodge: Dodged            |    21 |    25 ||    46
